 Dungeon Crawl Stone Soup version 0.31.0-12-g77e489cdc1 (webtiles) character file.

Game seed: 3755397816863091757

108 KennySheep the Chopper (level 4, -3/41 HPs)
             Began as a Hill Orc Monk on Mar 2, 2024.
             Was the Champion of Ignis.
             Killed from afar by an orc wizard (7 damage)
             ... with a magic dart
             ... on level 3 of the Dungeon.
             The game lasted 00:02:42 (1585 turns).

KennySheep the Chopper (Hill Orc Monk)              Turns: 1585, Time: 00:02:42

Health: -3/41      AC:  3    Str: 15    XL:     4   Next: 87%
Magic:  4/4        EV: 12    Int: 10    God:    Ignis [******]
Gold:   151        SH:  0    Dex: 13    Spells: 3/3 levels left

rFire   + . .        h - +2 whip (elec)
rCold   . . .        d - orb {light}
rNeg    . . .        f - +0 leather armour
rPois   .            (no helmet)
rElec   .            (no cloak)
rCorr   .            (no gloves)
SInv    .            (no boots)
Will    .....        (no amulet)
Stlth   +            (no ring)
HPRegen 0.26/turn    (no ring)
MPRegen 0.09/turn

%: no passive effects
@: confused, glowing
A: no striking features
a: Renounce Religion, Fiery Armour, Foxfire Swarm, Rising Flame


You were on level 3 of the Dungeon.
You worshipped Ignis.
Ignis was exalted by your worship.
You visited 1 branch of the dungeon, and saw 3 of its levels.

You collected 151 gold pieces.

Inventory:

Hand Weapons
 a - a +0 hand axe
 h - a +2 whip of electrocution (weapon)
Armour
 b - a +0 robe
 d - an orb of light (worn)
 f - a +0 leather armour (worn)
Scrolls
 e - a scroll of fear
 g - a scroll of revelation {unknown}
 i - a scroll of immolation {unknown}
 j - a scroll of fog {unknown}
 k - a scroll of identify
 m - a scroll of poison {unknown}
Potions
 c - a potion of ambrosia
 l - 3 potions of curing {unknown}
 n - a potion of attraction {unknown}


   Skills:
 + Level 4.8 Fighting
 + Level 5.2 Axes
 + Level 3.2 Dodging


You had 3 spell levels left.
You didn't know any spells.
Your spell library was empty.

Dungeon Overview and Level Annotations

Branches:
Dungeon (3/15)

Altars:
Ignis


Message History

You hit the orc wizard.
The orc wizard is lightly wounded.
The gnoll barely misses you.
The orc wizard gestures wildly while chanting.
The orc wizard flickers and vanishes for a moment.
The orc wizard hits you but does no damage.
You barely miss the orc wizard.
The orc wizard is lightly wounded.
The orc wizard casts a spell at you. The magic dart hits you!
A gnoll comes into view.
It is wielding a +1 flail of holy wrath.
The orc wizard hits you with a +0 dagger.
The gnoll hits you from afar with a +0 spear.
* * * LOW HITPOINT WARNING * * *
Okay, then.
The orc wizard gestures at you while chanting.
You are confused.
You are too confused!
You bump into the rock wall.
The gnoll shouts!
You hear a shout!
The orc wizard gestures wildly while chanting.
The orc wizard flickers and vanishes for a moment.
A gnoll comes into view. It is wielding a +0 spear.
The gnoll closely misses you.
The orc wizard hits you with a +0 dagger.
* * * LOW HITPOINT WARNING * * *
You bump into the rock wall.
The orc wizard completely misses you. The gnoll completely misses you.
You're too confused to move!
The gnoll hits you from afar with a +0 spear!
* * * LOW HITPOINT WARNING * * *
The orc wizard points at you and mumbles some strange words.
You are more confused.
You bump into the rock wall.
The gnoll hits you but does no damage.
The orc wizard hits you with a +0 dagger.
* * * LOW HITPOINT WARNING * * *
You closely miss the orc wizard. The orc wizard casts a spell at you.
The magic dart hits you!
You die...

..... #... #######...
#... ...#... #...
.#.####.#.###########...
........................
####.#.#.###########...
#.#.# #### #)#.# #@#.#
#o#.# ....g(og#.#
.#####gg..# #g#### #. #.
#. #<


You could see 2 orc wizards, 3 gnolls and a goblin.

Vanquished Creatures
  2 adders (D:2)
  4 gnolls (D:2)
  2 dart slugs
  An orc (D:3)
  A bat (D:1)
  8 endoplasms
  2 giant cockroaches
  5 goblins
  4 hobgoblins
  6 kobolds
  2 quokkas (D:3)
  2 ball pythons (D:1)
  A frilled lizard (D:1)
  4 rats
44 creatures vanquished.

Notes
Turn   | Place    | Note
-------+----------+-------------------------------------------
     0 | D:1      | KennySheep the Hill Orc Monk began the quest for the Orb.
     0 | D:1      | Reached XP level 1. HP: 19/19 MP: 1/1
   128 | D:1      | Reached XP level 2. HP: 23/27 MP: 2/2
   648 | D:2      | Reached XP level 3. HP: 31/33 MP: 3/3
   873 | D:2      | Reached XP level 4. HP: 33/41 MP: 4/4
   882 | D:2      | Reached skill level 5 in Axes
  1124 | D:2      | Found a faded altar of an unknown god.
  1134 | D:2      | Prayed at the altar of an unknown god.
  1134 | D:2      | Became a worshipper of Ignis, the Dying Flame
  1134 | D:2      | Reached ****** piety under Ignis
  1585 | D:3      | Killed from afar by an orc wizard

Illustrated notes

Levels and vault maps discovered:
D:1:      heliophobic_arrival_battle_scene, layout_rooms
D:2:      layout_loops_ring, hellmonk_ecumenical_altar_prayer_group
D:3:      layout_basic, nicolae_uskayaw_dance_hall, corner_web_ring

Skill      XL: |  1  2  3  4 |
---------------+-------------+-----
Fighting       | 4 |  4.8
Dodging        | 3 |  3.2
Axes           | 5 |  5.2

Action                     |  1- 3 |  4- 6 || total
---------------------------+-------+-------++-------
  Melee: Hand axe          |    82 |    18 ||   100
         Whip              |       |    16 ||    16
    Use: Scroll            |       |     1 ||     1
 Armour: Robe              |    13 |       ||    13
         Leather armour    |    15 |    28 ||    43
  Dodge: Dodged            |    64 |    16 ||    80
